 Dungeon Crawl Stone Soup version 0.28-a0-1415-g7c84da036a (webtiles) character file.

Game seed: 2636964071939369717

27 kae the Changer (level 2, -3/23 HPs)
             Began as a Draconian Transmuter on Jan 7, 2022.
             Shot with a stone by a goblin (6 damage)
             ... on level 2 of the Dungeon.
             The game lasted 00:00:37 (1867 turns).

kae the Changer (Draconian Transmuter)              Turns: 1867, Time: 00:00:37

Health: -3/23      AC:  4    Str: 12    XL:     2   Next: 93%
Magic:  5/5        EV: 12    Int: 13    God:
Gold:   46         SH:  0    Dex: 11    Spells: 4/5 levels left

rFire   . . .      SeeInvis .     - Unarmed
rCold   . . .      Faith    .   (no shield)
rNeg    . . .      Spirit   .   (armour unavailable)
rPois   .          Reflect  .   (helmet restricted)
rElec   .          Harm     .   (no cloak)
rCorr   .          Rampage  .   (no gloves)
Will    .....                   (no boots)
Stlth   +.........              (no amulet)
HPRegen 0.07/turn               (no ring)
MPRegen 0.09/turn               (no ring)

@: lethally poisoned (-3 -> -7)
A: AC +4, unfitting armour, cold-blooded
a: no special abilities


You were on level 2 of the Dungeon.
You visited 1 branch of the dungeon, and saw 2 of its levels.

You collected 46 gold pieces.

Inventory:

Potions
 d - a potion of cancellation
 f - a potion of curing {unknown}


   Skills:
 - Level 1.1 Fighting
 - Level 1.7 Dodging
 - Level 3.0 Unarmed Combat
 + Level 2.4 Spellcasting
 * Level 3.1 Transmutations


You had 4 spell levels left.
You knew the following spells:

 Your Spells              Type           Power      Damage    Failure   Level
a - Beastly Appendage     Tmut           18%        N/A       7%          1

Your spell library contained the following spells:

 Spells                   Type           Power      Damage    Failure   Level
 Wereblood                Tmut           9%         N/A       11%         2
 Magic Dart               Conj           4%         1d3       24%         1
 Call Imp                 Summ           1%         N/A       36%         2
 Spider Form              Tmut/Pois      5%         N/A       36%         3
 Mephitic Cloud           Conj/Pois/Air  1%         N/A       58%         3
 Ice Form                 Ice/Tmut       5%         N/A       78%         4


Dungeon Overview and Level Annotations

Branches:
Dungeon (2/15)

Altars:


Innate Abilities, Weirdness & Mutations

Your plain brown scales are hard. (AC +4)
You cannot fit into any form of body armour.
You are cold-blooded and may be slowed by cold attacks.


Message History

You feel sick. The adder closely misses you.
An adder is nearby!
You closely miss the adder. Your kick misses the adder.
The adder is lightly wounded.
You feel sick. The adder bites you but does no damage.
You barely miss the adder. Your headbutt misses the adder.
The adder is lightly wounded.
You feel sick. The adder bites you but does no damage.
There are monsters nearby!
You are too injured to fight recklessly!
You are too injured to fight recklessly!
You are too injured to fight recklessly!
You are too injured to fight recklessly!
You are too injured to fight recklessly!
You are too injured to fight recklessly!
You are too injured to fight recklessly!
You are too injured to fight recklessly!
You feel sick.
The goblin shoots a stone.
The stone hits you. The adder bites you.
You are more poisoned.
The adder poisons you!
You barely miss the adder. You tail-slap the adder.
The adder is moderately wounded.
You feel sick.
The goblin shoots a stone.
The stone misses you. The adder bites you.
An adder comes into view.
The adder hisses angrily.
You hit the adder.
The adder is severely wounded.
* * * LOW HITPOINT WARNING * * *
You feel sick. The adder barely misses you.
The goblin shoots a stone.
The stone hits you.
* * * LOW HITPOINT WARNING * * *
You closely miss the adder.
Your tail-slap misses the adder.
The adder is severely wounded.
Your horns disappear.
Your talons disappear.
* * * LOW HITPOINT WARNING * * *
You feel sick. The adder bites you but does no damage.
The goblin shoots a stone.
The stone hits you.
You die...

#........?..# #.# #.#
.##...#......#.###.# #.#
...........$ #...#.# #.#
.≈≈.♣......# #.#.#.# #.#
♣≈≈.≈≈.....# #.#.#.# #.#
≈≈≈.≈P≈....# #.#.#.###.#
P≈≈.P≈P♣g..# #.#...).#.#
≈PP.≈≈PS...# #.###.#.#.#
P≈≈.P≈≈♣@..#+#.........#
≈PP.P≈≈≈.†......########
♣♣P.≈≈≈♣..$.....+
♣≈.≈≈♣.........#
♣≈.≈≈♣..#......≈#
♣≈.≈≈♣..+.....≈≈≈#
≈≈.≈≈P♣.###≈♣≈♣≈≈♣
≈≈.≈≈P♣P# ≈♣P≈≈≈≈P♣ ≈P
♣♣ ≈≈P≈PP♣


You could see an adder and a goblin.

Vanquished Creatures
  2 ball pythons (D:1)
  4 endoplasms (D:1)
  2 giant cockroaches (D:1)
  3 goblins
  A hobgoblin (D:1)
  4 kobolds (D:1)
  2 quokkas (D:1)
  3 bats (D:1)
  4 frilled lizards
25 creatures vanquished.

Vanquished Creatures (others)
  2 plants (D:2)
2 creatures vanquished.

Grand Total: 27 creatures vanquished

Notes
Turn   | Place    | Note
-------+----------+-------------------------------------------
     0 | D:1      | kae the Draconian Transmuter began the quest for the Orb.
     0 | D:1      | Reached XP level 1. HP: 16/16 MP: 3/3
   562 | D:1      | Reached XP level 2. HP: 23/23 MP: 3/5
  1867 | D:2      | Shot with a stone by a goblin

Illustrated notes

Levels and vault maps discovered:
D:1:      minmay_arrival_solitary_statue, layout_basic
D:2:      layout_basic, serial_bayou_lagoon_b

Skill      XL: |  1  2 |
---------------+-------+-----
Transmutations | 3 |  3.1
Fighting       | |  1.1
Dodging        | |  1.7
Unarmed Combat | |  3.0
Spellcasting   | |  2.4

Action                   || total
-------------------------++-------
Melee: Unarmed           ||    75
       Tailslap          ||     8
       Kick              ||     6
       Headbutt          ||     1
 Cast: Beastly Appendage ||    20
  Use: Scroll            ||     4
 Stab: Sleeping          ||     1
Armor: Skin              ||    27
Dodge: Dodged            ||    41

Table legend: (Time is in decaauts)
 A = Elapsed time spent in this place.
 B = Non-inter-level travel time spent in this place.
 C = Inter-level travel time spent in this place.
 D = Time resting spent in this place.
 E = Time spent auto-exploring this place.
 F = Levels seen in this place.
 G = Mean time per level.
                   A        B        C        D        E       F      G
               +--------+--------+--------+--------+--------+-----+--------+
         Total |   1868 |   1806 |     62 |      0 |   1600 |   2 |  934.0 |
       Dungeon |   1868 |   1806 |     62 |      0 |   1600 |   2 |  934.0 |
               +--------+--------+--------+--------+--------+-----+--------+

Top non-repeatable levels by time:
     D:1: 1811 daAuts
     D:2: 56 daAuts
